 Dungeon Crawl Stone Soup version 0.22-a0-240-g539252a (webtiles) character file.

516 Frontstab the Cleaver (level 7, 15/61 HPs)
             Began as a Deep Dwarf Fighter on Feb 21, 2018.
             Quit the game on level 4 of the Dungeon.
             The game lasted 00:06:21 (2692 turns).

Frontstab the Cleaver (Deep Dwarf Fighter)          Turns: 2692, Time: 00:06:22

Health: 15/61      AC: 12    Str: 21    XL:     7   Next: 0%
Magic:  7/7        EV:  6    Int:  9    God:
Gold:   153        SH:  0    Dex: 12    Spells: 6/6 levels left

rFire    . . .     SeeInvis .   a - +0 war axe
rCold    . . .     Gourm    .   (no shield)
rNeg     . . .     Faith    .   h - +0 plate armour
rPois    .         Spirit   .   (no helmet)
rElec    .         Reflect  .   (no cloak)
rCorr    .         Harm     +   (no gloves)
MR       +....                  i - +0 pair of boots
Stlth    ..........             s - amulet of harm
HPRegen  0.00/turn              (no ring)
MPRegen  0.10/turn              (no ring)

@: non-regenerating
A: damage resistance, heal wounds, sense surroundings 1, no regeneration
a: Heal Wounds


You were on level 4 of the Dungeon.
You were not hungry.

You visited 1 branch of the dungeon, and saw 4 of its levels.

You collected 153 gold pieces.

Inventory:

Hand Weapons
 a - a +0 war axe (weapon)
Armour
 b - a +0 scale mail
 c - a +0 shield
 h - a +0 plate armour (worn)
 i - a +0 pair of boots (worn)
Jewellery
 s - an amulet of harm (around neck)
Scrolls
 d - a scroll of teleportation {unknown}
 e - 7 scrolls of identify {unknown}
 j - a scroll of magic mapping {unknown}
 k - a scroll of enchant weapon {unknown}
 m - a scroll of fog {unknown}
 o - a scroll of blinking {unknown}
 q - a scroll of amnesia {unknown}
Potions
 g - a potion of flight {unknown}
 l - a potion of ambrosia {unknown}
 n - 2 potions of curing {unknown}
 p - 2 potions of mutation {unknown}
 r - a potion of degeneration {unknown}
 t - a potion of invisibility {unknown}
Comestibles
 f - 8 rations


   Skills:
 - Level 2.6 Fighting
 + Level 8.4 Axes
 - Level 3.2 Armour
 - Level 3.2 Shields


You had 6 spell levels left.
You didn't know any spells.

Dungeon Overview and Level Annotations

Branches:
Dungeon (4/15)
 Temple: D:4-7

Altars:
Gozag
Kikubaaqudgha
Makhleb
Okawaru


Innate Abilities, Weirdness & Mutations

You are resistant to damage.
You can heal yourself by infusing magical energy.
You passively map a small area around you.
You do not regenerate.


Message History

Eating a chunk of flesh.
You eat the chunk of flesh.
This raw flesh tastes terrible.
An orc comes into view.
You hit the orc.
You kill the orc!
An orc, an orc priest and an orc wizard come into view.
The orc wizard is wielding a dagger of draining.
The orc wizard shouts!
The orc priest shouts!
The orc shouts!
The orc moves out of view.
The orc priest mumbles some strange prayers to Beogh against you.
Beogh smites you!
* * * LOW HITPOINT WARNING * * *
A giant cockroach and an orc priest come into view.
You hit the orc wizard.
The orc wizard is heavily wounded.
The orc wizard barely misses you.
You slash the orc wizard!
You kill the orc wizard!
You have reached level 7!
Are you sure you want to abandon this character and quit the game? (Confirm with "yes".) ....## #..## * ##### #.†# * . * ######..####### ** .. ,..............., .os

#####...####### ##..o. *
##..#.# ###.... * #..##.#
#.o.# , * #.###.# #)# * ,
* #.#...# #@# ,, #
##[#.########.# * ##
#....##.......######### .#
#.#.###.########<^....#
.###.#.###.########......#
.........................#
.......############......#
....#### ##......#
.....### ##..######


You could see an orc.

Vanquished Creatures
  An ice beast (D:2)
  The ghost of Kite the Chopper, a weakling MiBe of Trog (D:3)
  A hound (D:4)
  2 bullfrog skeletons (D:4)
  An orc priest (D:3)
  2 orc wizards
  Jessica (D:3)
  An iguana (D:4)
  6 adders
  An ooze (D:2)
  A worm (D:4)
  4 dart slugs
  A leopard gecko (D:3)
  2 orcs
  6 giant cockroaches
  11 goblins
  9 hobgoblins
  4 jackals
  A quokka (D:2)
  13 bats
  6 frilled lizards
  10 kobolds
  9 rats
94 creatures vanquished.

Notes
Turn   | Place    | Note
-------+----------+-------------------------------------------
     0 | D:1      | Frontstab the Deep Dwarf Fighter began the quest for the Orb.
     0 | D:1      | Reached XP level 1. HP: 20/20 MP: 1/1
   172 | D:1      | Reached skill level 3 in Axes
   181 | D:1      | Reached XP level 2. HP: 27/27 MP: 2/2
   396 | D:1      | Reached XP level 3. HP: 24/33 MP: 3/3
   401 | D:1      | Reached skill level 4 in Axes
   980 | D:2      | Reached XP level 4. HP: 40/40 MP: 4/4
  1006 | D:2      | Found an ancient bone altar of Kikubaaqudgha.
  1070 | D:2      | Noticed an ice beast
  1078 | D:2      | Killed an ice beast
  1078 | D:2      | Reached skill level 6 in Axes
  1078 | D:2      | Reached XP level 5. HP: 36/46 MP: 5/5
  1252 | D:2      | Found an iron altar of Okawaru.
  1252 | D:2      | Found an opulent altar of Gozag.
  1596 | D:3      | Noticed Kite's ghost (weakling MiBe)
  1606 | D:3      | Killed Kite's ghost
  1639 | D:3      | Noticed Jessica
  1650 | D:3      | Killed Jessica
  1689 | D:3      | Reached skill level 7 in Axes
  1689 | D:3      | Reached XP level 6. HP: 28/55 MP: 6/6
  1753 | D:3      | Found a burning altar of Makhleb.
  2565 | D:4      | Reached skill level 8 in Axes
  2691 | D:4      | Reached XP level 7. HP: 15/61 MP: 7/7
  2692 | D:4      | Quit the game

Vault maps used:
D:1:      dpeg_arrival_signposts
D:2:      kiku_gazebo_pond_becter, gammafunk_temple_overflow_statue
D:3:      bloody_makhleb, uniq_jessica
D:4:      first_ration, gup_sewer_entry_bubbles, st_stairs_6

Skill      XL: |  1  2  3  4  5  6 |
---------------+-------------------+-----
Axes           | 3 4 6 7 8 |  8.4
Fighting       | |  2.6
Armour         | |  3.2
Shields        | |  3.2

Action                   |  1- 3 |  4- 6 |  7- 9 || total
-------------------------+-------+-------+-------++-------
Melee: War axe           |   133 |   153 |       ||   286
 Abil: Heal Wounds       |     1 |       |       ||     1
  Use: Potion            |       |     1 |       ||     1
  Eat: Chunk             |       |     6 |       ||     6
Armor: Plate armour      |   133 |   139 |       ||   272
       Scale mail        |     5 |       |       ||     5
Dodge: Dodged            |    46 |    60 |       ||   106
Block: Shield            |     6 |       |       ||     6

Table legend:
 A = Spawn XP
 B = Non-spawn XP
 C = Spawn XP percentage of total XP
 D = Spawn monster count
 E = Non-spawn monster count
 F = Spawn count percentage of total count
 G = Total turns spent on level
                    A         B        C        D         E        F      G
               +---------+---------+-------+---------+---------+-------+---------
         Total |       0 |     738 |   0.0 |       0 |      94 |   0.0 |  2692
               +---------+---------+-------+---------+---------+-------+---------
           D:1 |       0 |      51 |   0.0 |       0 |      29 |   0.0 |   673
           D:2 |       0 |     209 |   0.0 |       0 |      24 |   0.0 |   903
           D:3 |       0 |     266 |   0.0 |       0 |      30 |   0.0 |   875
           D:4 |       0 |     212 |   0.0 |       0 |      11 |   0.0 |   241
               +---------+---------+-------+---------+---------+-------+---------
